 Dungeon Crawl Stone Soup version 0.21.1-1-g345015fe64 (webtiles) character file.

512 Naru the Chopper (level 7, -1/61 HPs)
             Began as a Hill Orc Berserker on June 13, 2018.
             Was a Believer of Trog.
             Slain by a gnoll
             ... wielding a +4 halberd
              (11 damage)
             ... on level 4 of the Dungeon.
             The game lasted 00:07:47 (3283 turns).

Naru the Chopper (Hill Orc Berserker)               Turns: 3283, Time: 00:07:48

Health: -1/61      AC: 10    Str: 20    XL:     7   Next: 19%
Magic:  7/7        EV:  8    Int:  7    God:    Trog [**....]
Gold:   184        SH:  0    Dex: 12    Spells: 6/6 levels left

rFire    . . .     SeeInvis .   a - +1 hand axe
rCold    + . .     Gourm    .   h - +0 buckler
rNeg     . . .     Faith    .   j - +0 chain mail
rPois    .         Spirit   .   q - +0 helmet
rElec    .         Reflect  .   (no cloak)
rCorr    .         Harm     .   (no gloves)
MR       ++...                  (no boots)
Stlth    ..........             (no amulet)
HPRegen  1.20/turn              r - ring of protection from cold
MPRegen  0.10/turn              (no ring)

@: confused, lethally poisoned (-1 -> -1), berserk cooldown, regenerating,
slowed, very slow
A: no striking features
a: Berserk, Trog's Hand, Burn Spellbooks, Renounce Religion


You were on level 4 of the Dungeon.
You worshipped Trog.
Trog was pleased with you.
You were hungry.

You visited 1 branch of the dungeon, and saw 4 of its levels.

You collected 184 gold pieces.

Inventory:

Hand Weapons
 a - a +1 hand axe (weapon)
 v - a +2 flail of protection
Missiles
 s - 4 tomahawks (quivered)
Armour
 h - a +0 buckler (worn)
 j - a +0 chain mail (worn)
 q - a +0 helmet (worn)
Jewellery
 r - a ring of protection from cold (left hand)
Scrolls
 d - a scroll of enchant weapon
 g - 2 scrolls of remove curse
 l - a scroll of blinking
Potions
 b - a potion of lignification {unknown}
 e - 2 potions of agility {unknown}
 f - 2 potions of degeneration
 i - 3 potions of brilliance
 k - a potion of flight {unknown}
 m - a potion of heal wounds {unknown}
 n - 2 potions of berserk rage
 o - a potion of ambrosia
 p - a potion of cancellation {unknown}
 t - a potion of might {unknown}
Comestibles
 c - 3 rations


   Skills:
 * Level 5.5 Fighting
 * Level 7.7 Axes
 + Level 3.9 Armour
 + Level 2.3 Dodging
 + Level 1.0 Shields


You had 6 spell levels left.
You didn't know any spells.

Dungeon Overview and Level Annotations

Branches:
Dungeon (4/15)
 Temple: D:4-7

Altars:
Elyvilon
Okawaru
Yredelemnul
Zin

Annotations:
D:4 Blork the orc


Message History

* * * LOW HITPOINT WARNING * * *
You feel sick. You block the gnoll's attack.
The gnoll hits you but does no damage.
An eye of draining comes into view.
Items here: ! ( )) [[ †† You feel the effects of Trog's Hand fading.
You feel sick.
The gnoll hits you from afar with an enchanted halberd.
* * * LOW HITPOINT WARNING * * *
The gnoll hits you but does no damage. The orc hits you but does no damage.
The gnoll hits you but does no damage.
Things that are here:
a whip of venom; a stone; a gnoll corpse You are confused.
You feel invigorated.
You feel sick.
The gnoll hits you from afar with an enchanted halberd.
* * * LOW HITPOINT WARNING * * *
The orc hits you but does no damage. The gnoll misses you.
The gnoll hits you from afar with an enchanted halberd!
You die...

### ## ..###. ##. #.
#.#.# #.. ... #.#...#####
#.. ...
#....(...g########.# #.#
#....†.((go@.....#.# #.#
#..>....#og######.#.# #^#
...#.#...##..######.#.#
#.# #.
#.##..##.........#.####.#
# #
##...o...............#
#...##.####....######
..G. #........# 8..G
#.##...## #.##...######


You could see Blork the orc, 2 gnolls, an orc and a goblin.

Vanquished Creatures
  Edmund (D:4)
  The ghost of kajmaj the Conjurer, an amateur TeCj (D:3)
  A centaur (D:4)
  A gnoll shaman (D:4)
  Natasha (D:4)
  An orc wizard (D:4)
  3 gnolls (D:4)
  3 adders
  An ooze (D:3)
  2 dart slugs
  2 leopard geckos (D:3)
  3 orcs
  6 giant cockroaches
  3 goblins
  9 hobgoblins
  4 jackals (D:1)
  7 kobolds
  2 quokkas (D:4)
  6 bats
  3 frilled lizards
  9 rats
69 creatures vanquished.

Vanquished Creatures (others)
  A quokka (D:2)
  2 fungi (D:1)
3 creatures vanquished.

Grand Total: 72 creatures vanquished

Notes
Turn   | Place    | Note
-------+----------+-------------------------------------------
     0 | D:1      | Naru the Hill Orc Berserker began the quest for the Orb.
     0 | D:1      | Reached XP level 1. HP: 19/19 MP: 1/1
   179 | D:1      | Reached XP level 2. HP: 14/27 MP: 2/2
   910 | D:1      | Reached XP level 3. HP: 34/34 MP: 3/3
  1729 | D:2      | Reached ** piety under Trog
  1785 | D:2      | Found an iron altar of Okawaru.
  1786 | D:2      | Found a basalt altar of Yredelemnul.
  1877 | D:2      | Reached skill level 5 in Axes
  1913 | D:2      | Reached XP level 4. HP: 41/41 MP: 4/4
  1921 | D:2      | Found a white marble altar of Elyvilon.
  2126 | D:3      | Noticed kajmaj's ghost (amateur TeCj)
  2146 | D:3      | Killed kajmaj's ghost
  2146 | D:3      | Reached skill level 5 in Fighting
  2146 | D:3      | Reached skill level 6 in Axes
  2146 | D:3      | Reached XP level 5. HP: 23/48 MP: 5/5
  2573 | D:3      | Found a glowing silver altar of Zin.
  2817 | D:4      | Noticed Natasha
  2817 | D:4      | Noticed Edmund
  2836 | D:4      | Reached XP level 6. HP: 51/56 MP: 6/6
  2837 | D:4      | Killed Edmund
  2850 | D:4      | Killed Natasha
  2850 | D:4      | Reached skill level 7 in Axes
  3060 | D:4      | Reached skill level 1 in Shields
  3060 | D:4      | Reached XP level 7. HP: 32/61 MP: 7/7
  3280 | D:4      | Noticed Blork the orc
  3283 | D:4      | Slain by a gnoll

Skill      XL: |  1  2  3  4  5  6 |
---------------+-------------------+-----
Fighting       | 4 5 |  5.5
Axes           | 5 6 7 |  7.7
Dodging        | 2 |  2.3
Armour         | 3 |  3.9
Shields        | 1 |  1.0

Action                   |  1- 3 |  4- 6 |  7- 9 || total
-------------------------+-------+-------+-------++-------
Melee: Hand axe          |   131 |   123 |    16 ||   270
Invok: Berserk           |       |     2 |     1 ||     3
       Trog's Hand       |       |     2 |     1 ||     3
  Use: Scroll            |       |     8 |       ||     8
       Potion            |       |       |     1 ||     1
  Eat: Ration            |     1 |     2 |       ||     3
       Chunk             |       |     1 |       ||     1
Armor: Animal skin       |    17 |       |       ||    17
       Scale mail        |     8 |       |       ||     8
       Chain mail        |    55 |    86 |    14 ||   155
Dodge: Dodged            |    68 |    47 |    21 ||   136
Block: Buckler           |     8 |    19 |     6 ||    33
